 Dungeon Crawl Stone Soup version 0.31.0-11-ge490571c62 (webtiles) character file.

Game seed: 15682905881089008834

1559 Pooter the Cleaver (level 8, -2/71 HPs)
             Began as a Minotaur Berserker on Feb 4, 2024.
             Was a Priest of Trog.
             Slain by a two-headed ogre
             ... wielding a +0 giant club
              (8 damage)
             ... on level 5 of the Dungeon on Feb 5, 2024.
             The game lasted 00:23:22 (4550 turns).

Pooter the Cleaver (Minotaur Berserker)             Turns: 4550, Time: 00:23:22

Health: -2/71      AC: 15    Str: 24    XL:     8   Next: 58%
Magic:  7/7        EV:  9    Int:  4    God:    Trog [***...]
Gold:   162        SH:  0    Dex: 10    Spells: 7/7 levels left

rFire   . . .        a - +1 broad axe
rCold   . . .        (no shield)
rNeg    . . .        s - +2 chain mail
rPois   .            (helmet restricted)
rElec   .            q - +1 cloak
rCorr   .            p - +0 pair of gloves
SInv    .            B - +0 pair of boots
Will    ++...        l - amulet of regeneration Stlth
                     v - ring of flight
HPRegen 2.11/turn    (no ring)
MPRegen 0.10/turn

%: no passive effects
@: strong-willed, on berserk cooldown, flying, regenerating, slowed, very slow
A: horns 2, retaliatory headbutt
a: Renounce Religion, Berserk, Trog's Hand


You were on level 5 of the Dungeon.
You worshipped Trog.
Trog was most pleased with you.
You visited 1 branch of the dungeon, and saw 5 of its levels.

You collected 324 gold pieces.
You spent 162 gold pieces at shops.

Inventory:

Hand Weapons
 a - a +1 broad axe (weapon)
   (You found it on level 5 of the Dungeon)
 b - a +3 sling
   (You found it on level 5 of the Dungeon)
 n - the +1 falchion "Duyffo" {drain, rN+ Int+5}
   (You found it on level 2 of the Dungeon)

   Int+5:     It affects your intelligence (+5).
   rN+:       It protects you from negative energy.
 r - a +3 quarterstaff of chaos
   (You took it off Crazy Yiuf on level 2 of the Dungeon)
 A - a +0 trident
   (You took it off an orc on level 5 of the Dungeon)
Missiles
 c - 17 poisoned darts (quivered)
 g - 3 boomerangs
 j - 15 javelins
 w - 6 atropa-tipped darts
 Q - 52 stones
Armour
 p - a +0 pair of gloves (worn)
   (You found it on level 2 of the Dungeon)
 q - a +1 cloak (worn)
   (You took it off Crazy Yiuf on level 2 of the Dungeon)
 s - a +2 chain mail (worn)
   (You found it on level 2 of the Dungeon)
 B - a +0 pair of boots (worn)
   (You found it on level 1 of the Dungeon)
 E - a +2 leather armour of poison resistance
   (You took it off an orc on level 5 of the Dungeon)
Jewellery
 l - an amulet of regeneration (around neck)
   (You found it on level 2 of the Dungeon)
 v - a ring of flight (left hand)
   (You found it on level 4 of the Dungeon)
Scrolls
 d - a scroll of noise {!r}
 e - a scroll of immolation {!r}
 f - a scroll of fog
 t - a scroll of teleportation {@r4}
Potions
 h - a potion of berserk rage {unknown}
 i - a potion of resistance {unknown}
 k - 2 potions of ambrosia
 m - 3 potions of cancellation
 o - a potion of curing {unknown}
 x - a potion of brilliance {unknown}
 y - a potion of attraction {unknown}
 z - a potion of degeneration {unknown}
 C - a potion of mutation {unknown}


   Skills:
 + Level 6.7 Fighting
 * Level 9.0 Axes
 * Level 2.4 Ranged Weapons
 - Level 4.1 Throwing
 - Level 2.4 Armour
 - Level 2.1 Dodging
 - Level 4.0 Evocations


You had 7 spell levels left.
You didn't know any spells.
Your spell library was empty.

Dungeon Overview and Level Annotations

Branches:
Dungeon (5/15) Zot: 25398  Temple (0/1) D:4

Altars:
Ashenzari
Vehumet
Yredelemnul

Shops:
D:2 ?


Innate Abilities, Weirdness & Mutations

You have a pair of horns on your head.
You reflexively headbutt those who attack you in melee.


Message History

A scorpion comes into view.
The ogre hits you but does no damage.
a - a +1 broad axe (weapon)
The ufetubus shouts!
A red film seems to cover your vision as you go berserk!
You feel yourself moving faster!
You feel mighty! The ogre closely misses you.
You slice the ogre!!
You kill the ogre!
Trog accepts your kill.
Your Ranged Weapons skill increases to level 2!
You closely miss the scorpion. The scorpion stings you.
You slice the scorpion!!
You kill the scorpion!
Trog accepts your kill.
Your Axes skill increases to level 9!
You slice the ufetubus!!
You kill the ufetubus!
Trog accepts your kill.
No target in view!
A two-headed ogre and a scorpion come into view.
The two-headed ogre shouts in stereo!
There is an open door, spattered with blood here.
Things that are here:
a +0 giant club; a scorpion corpse; an ogre corpse You are too berserk!
You feel a strong urge to attack something.
You feel your anger nearly subside.
You are no longer berserk.
You are exhausted.
You feel yourself slow down.
There is an open door here.
Your skin crawls.
You feel strong-willed.
The two-headed ogre hits you with a +0 giant club! x2
You barely miss the two-headed ogre. You headbutt the two-headed ogre.
You closely miss the scorpion. The scorpion closely misses you.
The two-headed ogre hits you with a +0 giant club!
The two-headed ogre barely misses you. The scorpion barely misses you.
You slash the two-headed ogre! You headbutt the two-headed ogre.
You hit the scorpion but do no damage.
The scorpion stings you but does no damage.
The two-headed ogre hits you with a +0 giant club!!
* * * LOW HITPOINT WARNING * * *
The two-headed ogre closely misses you. The scorpion barely misses you.
You barely miss the two-headed ogre. You headbutt the two-headed ogre.
You barely miss the scorpion.
The scorpion stings you but does no damage.
The two-headed ogre hits you with a +0 giant club!
* * * LOW HITPOINT WARNING * * *
The two-headed ogre hits you with a +0 giant club!
You die...

.# ###'#...##.#..<..#.#..#.#..#.
.######.#...##.#.#.#.#.#.......#
........######.#.#.#.#.##.#.#.##
......### #.#.....#....#.#.#
......# #.#.##########.#.#
......# #...)..........#.#
.###### ###)###........#.# .#
###...###.######.#.#
>###########....@.##.######.#.#
...............sO...........#.#
.###########......##.########.##
.# #......##...........# .#
###'################# .#
#......#Y.# ## #.#..#.#..
#......# #......#


You could see a two-headed ogre and a scorpion.

Vanquished Creatures
  Grinder (D:3)
  Sigmund (D:3)
  Eustachio (D:4)
  An ogre (D:5)
  A centaur (D:5)
  3 scorpions
  A water moccasin zombie (D:4)
  A bombardier beetle (D:5)
  A gnoll bouda (D:5)
  4 hounds
  3 orc priests (D:4)
  Crazy Yiuf (D:2)
  An iguana (D:5)
  Jessica (D:3)
  2 orc wizards
  Robin (D:2)
  5 adders
  8 gnolls
  A white imp (D:5)
  3 ufetubi
  2 ribbon worms (D:3)
  3 dart slugs
  9 orcs
  2 bats (D:1)
  3 endoplasms
  11 giant cockroaches (D:3)
  14 goblins
  10 hobgoblins
  12 jackals
  3 quokkas
  4 ball pythons (D:4)
  A frilled lizard (D:2)
  4 kobolds
  A quokka zombie (D:4)
  5 rats
125 creatures vanquished.

Notes
Turn   | Place    | Note
-------+----------+-------------------------------------------
     0 | D:1      | Pooter the Minotaur Berserker began the quest for the Orb.
     0 | D:1      | Reached XP level 1. HP: 19/19 MP: 0/0
   298 | D:1      | Reached XP level 2. HP: 27/27 MP: 1/1
   303 | D:1      | Reached skill level 4 in Axes
   955 | D:2      | Found a basalt altar of Yredelemnul.
   959 | D:2      | Reached XP level 3. HP: 33/33 MP: 2/2
   960 | D:2      | Reached skill level 1 in Throwing
  1049 | D:2      | Noticed a scorpion
  1054 | D:2      | Reached skill level 1 in Evocations
  1057 | D:2      | Killed a scorpion
  1058 | D:2      | Reached XP level 4. HP: 40/40 MP: 3/3
  1238 | D:2      | Reached skill level 5 in Axes
  1239 | D:2      | Identified the +1 falchion "Duyffo" {drain, rN+ Int+5}
  1293 | D:2      | Found a runed translucent door.
  1294 | D:2      | Noticed Crazy Yiuf
  1362 | D:2      | Reached ** piety under Trog
  1375 | D:2      | Found Uxoclat's Magic Scroll Shop.
  1381 | D:2      | Bought a scroll of identify for 24 gold pieces
  1381 | D:2      | Bought a scroll of identify for 24 gold pieces
  1381 | D:2      | Bought a scroll of identify for 24 gold pieces
  1389 | D:2      | Noticed Robin
  1399 | D:2      | Killed Robin
  1682 | D:2      | Killed Crazy Yiuf
  1683 | D:2      | Reached XP level 5. HP: 47/47 MP: 4/4
  1740 | D:3      | Noticed Jessica
  1745 | D:3      | Killed Jessica
  1955 | D:3      | Noticed Sigmund
  1960 | D:3      | Killed Sigmund
  1961 | D:3      | Reached skill level 5 in Fighting
  1961 | D:3      | Reached skill level 6 in Axes
  1961 | D:3      | Reached XP level 6. HP: 56/56 MP: 5/5
  2218 | D:3      | Noticed Grinder
  2230 | D:3      | Killed Grinder
  2231 | D:3      | Reached XP level 7. HP: 61/61 MP: 6/6
  2397 | D:2      | Bought a scroll of enchant weapon for 90 gold pieces
  2719 | D:4      | Reached skill level 7 in Axes
  2836 | D:4      | Found a staircase to the Ecumenical Temple.
  2900 | D:4      | Found a basalt altar of Yredelemnul.
  3671 | D:5      | Entered Level 5 of the Dungeon
  3878 | D:5      | Noticed Eustachio
  3917 | D:4      | Killed Eustachio
  3918 | D:4      | Reached skill level 8 in Axes
  3918 | D:4      | Reached XP level 8. HP: 70/70 MP: 7/7
  4022 | D:5      | Reached *** piety under Trog
  4239 | D:5      | Reached skill level 1 in Ranged Weapons
  4302 | D:5      | Found a broken altar of Ashenzari.
  4302 | D:5      | Found a radiant altar of Vehumet.
  4534 | D:5      | Reached skill level 9 in Axes
  4535 | D:5      | Noticed a two-headed ogre
  4550 | D:5      | Slain by a two-headed ogre

Illustrated notes

Levels and vault maps discovered:
D:1:      matt_arrival_diagonals, layout_loops_corners, serial_park_tiny_pond
D:2:      layout_loops_ring, basic_altar, serial_shops,
          nicolae_shop_pleasant_corner_grove, uniq_robin,
          uniq_crazy_yiuf_cottage
D:3:      minmay_roachtagon, layout_loops_ring, uniq_sigmund, uniq_grinder,
          uniq_jessica
D:4:      layout_basic, lemuel_zombie_altar_yredelemnul,
          minmay_temple_entry_junction_2, minmay_stone_trees_medium
D:5:      minmay_clustersquares, layout_basic, gammafunk_temple_overflow_statue,
          uniq_eustachio

Skill      XL: |  1  2  3  4  5  6  7  8 |
---------------+-------------------------+-----
Axes           | 4 5 6 8 9 |  9.0
Fighting       | 4 5 6 |  6.7
Throwing       | 1 2 3 4 |  4.1
Evocations     | 1 2 3 4 |  4.0
Ranged Weapons | 2 |  2.4
Armour         | |  2.4
Dodging        | |  2.1

Action                     |  1- 3 |  4- 6 |  7- 9 || total
---------------------------+-------+-------+-------++-------
  Melee: Hand axe          |    74 |    92 |   147 ||   313
         Headbutt          |     6 |    16 |    32 ||    54
         Punch             |     2 |     2 |       ||     4
         Broad axe         |       |       |     9 ||     9
   Fire: Shortbow          |       |       |     4 ||     4
         Sling             |       |       |     4 ||     4
  Throw: Boomerang         |       |     3 |       ||     3
         Javelin           |       |     7 |     6 ||    13
         Dart              |       |       |     9 ||     9
 Invoke: Berserk           |     1 |     3 |     3 ||     7
         Trog's Hand       |       |     4 |     4 ||     8
    Use: Scroll            |       |     7 |     4 ||    11
 Armour: Animal skin       |    25 |       |       ||    25
         Scale mail        |    28 |    16 |       ||    44
         Ring mail         |     1 |       |       ||     1
         Chain mail        |       |    47 |    99 ||   146
  Dodge: Dodged            |    47 |    41 |    70 ||   158
